Map: Inside and Out

Players

Cure - Winner!

  • Race: Terran Terran
  • League: Master
  • Spawn Location: 1:00

Rex

  • Race: Zerg Zerg
  • League: Diamond
  • Spawn Location: 7:00

Event: HomeStory Cup XXII

VOD

Have the link to the VOD?

Description

Time

  • Played on: Dec. 16, 2022, 7:16 a.m.
  • Length: 24:34

All games in this series

Show
View Real Time Build Order
Export as new Build Order

Cure Terran - Winner!

Build Orders: Reaper Expand, Hellion Banshee 

Get SALT Encoding   

  12  0:00  SCV  
  13  0:12  SCV  
  14  0:17  Supply Depot  
  14  0:24  SCV  
  15  0:38  SCV  
  15  0:39  Barracks  
  15  0:42  Refinery  
  16  0:50  SCV  
  17  1:02  SCV  
  18  1:14  SCV  
  19  1:26  Reaper, Orbital Command  
  20  1:38  Command Center  
  20  1:47  Supply Depot  
  20  1:52  SCV  
  21  1:57  Marine  
  22  2:04  SCV  
  22  2:07  Factory  
  23  2:14  Refinery  
  23  2:16  SCV  
  23  2:19  Barracks Reactor  
  24  2:28  SCV  
  25  2:40  SCV  
  26  2:50  Orbital Command  
  26  2:53  SCV, Starport  
  27  3:01  Hellion x2  
  27  3:03  Barracks Tech Lab  
  27  3:05  SCV  
  32  3:16  SCV  
  32  3:17  SCV  
  34  3:24  Hellion x2  
  38  3:28  SCV  
  38  3:29  SCV  
  38  3:31  Supply Depot, Marine  
  41  3:37  Supply Depot, Cloaking Field  
  41  3:38  Banshee  
  44  3:42  SCV x2  
  46  3:50  Barracks Tech Lab  
  46  3:53  Hellion x2  
  46  3:54  SCV x2  
  52  4:06  Supply Depot, SCV x2  
  54  4:12  Stimpack, Marine  
  55  4:18  SCV x2  
  55  4:19  Barracks  
  55  4:21  Banshee  
  55  4:23  Factory Reactor  
  60  4:26  Barracks  
  60  4:30  Marine  
  61  4:31  SCV x2  
  61  4:34  Supply Depot  
  63  4:40  Engineering Bay  
  63  4:44  Supply Depot, SCV x2  
  65  4:55  Marine  
  65  4:56  SCV x2  
  68  5:08  SCV, Marine, Command Center  
  68  5:09  SCV  
  68  5:10  Terran Infantry Weapons Level 1  
  68  5:11  Refinery  
  71  5:15  Starport Reactor  
  71  5:16  Marine  
  71  5:19  Siege Tank  
  75  5:22  Marine x3  
  75  5:26  Refinery  
  78  5:30  Marine  
  78  5:31  Supply Depot  
  78  5:32  SCV  
  78  5:33  SCV  
  81  5:35  Supply Depot  
  81  5:38  Marine  
  81  5:40  Marine x3  
  85  5:48  Supply Depot  
  86  5:52  Combat Shield, Marine  
  86  5:53  Siege Tank  
  86  5:56  Marine  
  90  6:03  Marine x3  
  93  6:08  Medivac  
  93  6:09  Medivac  
  93  6:10  Marine  
  96  6:14  Marine  
  97  6:20  Orbital Command  
  97  6:24  Marine x3  
  100  6:28  Marine  
  100  6:29  Siege Tank  
  100  6:31  Marine  
  101  6:37  SCV  
  97  6:41  Barracks, Medivac  
  97  6:42  Barracks, Orbital Command  
  97  6:46  Medivac  
  101  6:50  SCV x2  
  103  7:01  Engineering Bay, Armory  
  103  7:02  SCV x2  
  103  7:04  Terran Infantry Armor Level 1  
  103  7:07  SCV  
  106  7:09  Siege Tank  
  109  7:15  SCV  
  109  7:16  SCV  
  109  7:17  Marine x2  
  109  7:18  Marine  
  109  7:19  SCV  
  109  7:20  Marine x2  
  115  7:31  SCV x3  
  115  7:35  Barracks Reactor x2  
  118  7:41  Marine x5  
  118  7:43  SCV x2  
  125  8:03  Marine  
  125  8:05  SCV  
  125  8:11  Refinery x2  
  125  8:13  Supply Depot  
  125  8:14  Supply Depot, Terran Infantry Weapons Level 2  
  125  8:18  Supply Depot, Missile Turret  
  125  8:22  SCV, Siege Tank, Marine x4  
  133  8:31  Command Center  
  133  8:33  Terran Vehicle Weapons Level 1  
  133  8:34  SCV, Medivac x2, Marine x3  
  133  8:35  SCV x2, Marine x2  
  133  8:40  Marine x2  
  146  8:51  Marine x2  
  146  8:52  Marine x3  
  146  8:53  Marine x2  
  146  8:54  SCV x3  
  156  8:56  Supply Depot  
  156  8:57  Marine  
  156  8:58  Supply Depot  
  156  8:59  Factory  
  155  9:03  Terran Infantry Armor Level 2  
  155  9:06  SCV x2  
  157  9:15  Sensor Tower  
  157  9:16  Barracks x2  
  157  9:18  SCV  
  157  9:23  Barracks  
  158  9:30  Marine x2  
  158  9:31  Marauder, Marine x4, Siege Tank  
  164  9:32  Marine x2  
  164  9:33  Concussive Shells  
  164  9:36  SCV x3  
  172  9:48  SCV x2  
  172  9:51  Marine x6  
  172  9:52  Marauder  
  181  9:53  Factory Tech Lab  
  178  10:02  SCV x3  
  181  10:13  Planetary Fortress  
  181  10:15  Marauder, Marine x4  
  187  10:30  Command Center, Barracks Tech Lab x3  
  187  10:32  Medivac, Sensor Tower  
  188  10:36  Terran Infantry Weapons Level 3  
  188  10:42  Supply Depot x2  
  188  10:49  Refinery x2  
  188  10:50  Ghost Academy  
  188  11:03  SCV, Siege Tank x2  
  195  11:04  Terran Vehicle Weapons Level 2, Medivac  
  195  11:10  Marauder, Marine x2  
  198  11:26  Medivac  
  200  11:34  Terran Infantry Armor Level 3, Command Center  
  200  11:35  Command Center x2  
  200  11:38  Factory  
  193  11:59  Marauder x3, Marine x6  
  193  12:00  Marauder  
  177  12:12  Marine x2  
  177  12:13  Siege Tank x2  
  177  12:14  Medivac  
  177  12:15  Medivac  
  189  12:17  Marine x4  
  189  12:20  Ghost x3  
  199  12:31  Command Center  
  199  12:41  Marine  
  199  12:43  Planetary Fortress  
  200  12:48  Orbital Command  
  200  12:49  Missile Turret, Orbital Command  
  200  12:50  Command Center  
  200  12:51  Missile Turret  
  200  12:55  Personal Cloaking  
  200  13:00  Missile Turret  
  200  13:12  Ghost x4  
  180  13:13  Neosteel Armor  
  180  13:14  Marine x2  
  180  13:15  Siege Tank, Marine x6  
  180  13:16  Factory Tech Lab  
  180  13:19  SCV x2  
  196  13:24  Siege Tank  
  199  13:38  Missile Turret  
  199  13:40  Missile Turret, Ghost  
  200  13:44  Planetary Fortress  
  200  13:49  Orbital Command  
  200  14:02  Refinery  
  200  14:04  Refinery, Orbital Command  
  200  14:05  Missile Turret  
  200  14:08  Missile Turret  
  200  14:11  Sensor Tower, Hi-Sec Auto Tracking  
  200  14:12  Missile Turret  
  200  14:19  Terran Vehicle Weapons Level 3  
  190  14:32  Ghost x3  
  190  14:34  Enhanced Shockwaves  
  190  14:38  Command Center, Ghost  
  187  14:46  Command Center  
  187  15:01  Ghost x2  
  187  15:04  Missile Turret  
  191  15:12  Siege Tank x3  
  200  15:21  Marauder x2, Marine x6  
  188  15:30  Marauder x2  
  192  15:35  Command Center  
  192  15:39  Marine x2  
  192  15:40  Marine x6  
  200  15:51  Orbital Command  
  200  15:53  Nuke  
  200  15:54  Fusion Core, Command Center  
  200  16:17  Refinery  
  200  16:27  Sensor Tower  
  200  16:29  Factory  
  200  16:30  Missile Turret  
  200  16:32  Refinery  
  199  16:52  Orbital Command  
  199  17:03  Terran Vehicle And Ship Armor Level 1  
  199  17:04  Advanced Ballistics  
  199  17:08  Planetary Fortress  
  199  17:10  Orbital Command  
  199  17:21  Missile Turret  
  199  17:24  Sensor Tower  
  190  17:30  Nuke  
  190  17:33  Siege Tank x3  
  199  17:39  Factory Reactor  
  176  18:05  Thor x3  
  192  18:10  Viking x2  
  196  18:17  Command Center  
  188  18:38  Hellbat x2  
  186  18:43  Liberator x2  
  186  18:47  Thor  
  194  19:07  Thor  
  194  19:08  Hellbat  
  194  19:09  Infernal Pre-Igniter  
  200  19:11  Smart Servos  
  197  19:34  Thor  
  197  19:36  Hellbat  
  197  19:44  Thor  
  197  19:45  Hellbat  
  195  19:46  Liberator x2  
  195  19:52  Orbital Command  
  199  20:08  Nuke, Terran Vehicle And Ship Armor Level 2  
  196  20:41  Thor x2  
  196  20:42  Hellbat x2  
  199  20:43  Liberator  
  191  21:02  Ghost x4  
  191  21:03  Marine x6  
  189  21:15  Thor  
  189  21:16  Hellbat x2  
  189  21:17  Marine  
  189  21:18  Marine  
  192  21:21  Marine x2  
  192  21:23  Marine x4  
  192  21:24  Thor x2  
  198  21:31  Marauder x3, Ghost  
  198  21:32  Viking  
  193  21:33  Viking  
  194  21:52  Ghost x2  
  193  21:54  Planetary Fortress  
  193  21:57  Thor  
  196  22:05  Refinery  
  196  22:06  Thor x2  
  196  22:08  Hellbat x2, Ghost x2  
  195  22:16  Refinery  
  192  22:27  Ghost x2  
  193  22:36  Ghost x2  
  191  22:51  Marine x6  
  191  22:54  Hellbat  
  191  22:55  Hellbat x2, Ghost  
  196  23:40  Command Center  
  195  23:42  Missile Turret  
  195  23:47  Liberator  
Show
View Real Time Build Order
Export as new Build Order

Rex Zerg 

Build Orders: Hatch First 

Get SALT Encoding   

  12  0:00  Drone  
  13  0:12  Overlord  
  13  0:16  Drone  
  14  0:30  Drone  
  14  0:31  Drone  
  16  0:47  Hatchery  
  15  0:51  Drone  
  15  0:55  Drone  
  17  0:57  Drone  
  18  1:09  Extractor  
  17  1:13  Spawning Pool  
  17  1:16  Drone  
  17  1:19  Drone  
  18  1:27  Drone  
  19  1:39  Drone  
  20  1:50  Drone  
  21  1:59  Queen x2  
  21  2:00  Zergling x4  
  27  2:10  Overlord  
  27  2:11  Drone  
  28  2:20  Hatchery  
  27  2:23  Drone  
  27  2:27  Drone  
  28  2:34  Spore Crawler  
  27  2:39  Queen  
  27  2:41  Drone x2  
  32  2:45  Metabolic Boost  
  32  2:50  Overlord  
  32  2:53  Zergling x2  
  33  3:05  Drone x3  
  36  3:09  Overlord  
  36  3:12  Queen  
  36  3:15  Drone x2  
  36  3:17  Drone  
  36  3:18  Drone  
  42  3:25  Drone  
  42  3:26  Queen  
  43  3:28  Drone  
  43  3:33  Queen  
  48  3:37  Overlord  
  48  3:42  Drone  
  48  3:45  Overlord  
  49  3:49  Queen  
  49  3:53  Overlord  
  49  3:54  Drone  
  49  3:55  Drone  
  53  3:57  Drone  
  53  3:59  Drone  
  53  4:01  Drone  
  56  4:06  Queen  
  56  4:08  Overlord  
  58  4:15  Drone x4  
  62  4:20  Overlord  
  62  4:22  Overlord  
  62  4:23  Spore Crawler  
  61  4:25  Spore Crawler  
  61  4:29  Zergling x4  
  62  4:33  Spore Crawler  
  62  4:35  Spore Crawler  
  62  4:37  Lair  
  60  4:41  Drone x2  
  60  4:42  Extractor  
  61  4:46  Drone x3  
  61  4:48  Drone  
  64  4:57  Drone x4  
  64  4:58  Drone x2  
  70  5:00  Drone x2  
  72  5:11  Baneling Nest, Drone x5  
  76  5:15  Drone  
  77  5:22  Roach Warren  
  77  5:26  Extractor x2  
  77  5:27  Drone, Evolution Chamber  
  77  5:28  Drone x4  
  79  5:30  Extractor, Evolution Chamber  
  79  5:31  Extractor  
  76  5:38  Drone x6  
  76  5:41  Overseer  
  82  5:44  Overlord  
  82  5:45  Drone x2  
  82  5:49  Overlord  
  84  5:53  Overlord  
  80  6:06  Glial Reconstitution  
  80  6:07  Zergling x2, Zerg Ground Armor Level 1, Zerg Missile Weapons Level 1, Roach x5  
  86  6:16  Roach  
  86  6:17  Roach x4  
  94  6:19  Roach  
  95  6:27  Roach x2  
  94  6:33  Roach x2, Extractor  
  97  6:42  Ravager  
  98  6:51  Roach x4  
  98  6:54  Drone x6  
  112  7:00  Ravager  
  112  7:01  Drone  
  114  7:03  Drone x2  
  114  7:05  Drone x2  
  118  7:12  Overlord  
  118  7:21  Overlord  
  118  7:26  Hatchery  
  112  7:31  Drone x2  
  112  7:36  Overlord x7  
  114  7:46  Ravager  
  114  7:47  Infestation Pit  
  113  7:51  Roach  
  113  7:52  Roach x3, Overlord  
  113  7:55  Ravager  
  122  8:00  Roach x5  
  122  8:01  Drone x2  
  128  8:09  Zerg Ground Armor Level 2  
  128  8:11  Drone x2  
  130  8:17  Drone  
  130  8:18  Zerg Melee Weapons Level 1  
  130  8:19  Zergling x2, Roach x2  
  136  8:23  Drone  
  136  8:24  Drone x2  
  136  8:26  Ravager x2  
  141  8:27  Drone  
  141  8:29  Overseer  
  142  8:35  Overseer  
  142  8:37  Roach x4  
  142  8:41  Drone x3  
  151  8:44  Ravager  
  150  8:50  Drone x6  
  149  9:04  Hive  
  149  9:06  Baneling Nest  
  149  9:08  Zergling x12  
  154  9:16  Drone x2  
  156  9:23  Roach x7  
  170  9:26  Overlord  
  170  9:27  Ravager x3  
  170  9:28  Drone  
  170  9:30  Drone  
  175  9:31  Spore Crawler  
  174  9:45  Zergling x28  
  188  9:52  Overlord  
  188  9:53  Infestor x2  
  182  10:05  Pneumatized Carapace  
  182  10:13  Zergling x2, Drone  
  183  10:20  Extractor  
  182  10:24  Baneling x5  
  182  10:25  Zergling x30  
  182  10:26  Baneling  
  182  10:27  Baneling x7  
  197  10:30  Hatchery, Adrenal Glands  
  189  10:37  Viper x2  
  195  10:45  Zergling x8  
  195  10:47  Zerg Melee Weapons Level 2  
  199  10:53  Extractor  
  198  11:00  Drone  
  198  11:02  Spire  
  198  11:06  Drone  
  184  11:13  Zerg Ground Armor Level 3, Zergling x2, Drone x7  
  184  11:14  Drone x8  
  199  11:23  Overseer  
  199  11:28  Burrow  
  199  11:42  Centrifugal Hooks  
  199  11:45  Hatchery  
  180  11:54  Zergling x32  
  196  12:06  Hatchery  
  194  12:09  Overlord x2  
  194  12:10  Overlord  
  194  12:20  Hatchery  
  193  12:25  Pathogen Glands  
  192  12:33  Greater Spire  
  190  12:39  Hatchery  
  190  12:42  Baneling x10  
  190  12:47  Baneling x6  
  190  12:58  Corruptor x4  
  183  13:21  Neural Parasite  
  183  13:27  Zergling x24  
  195  13:39  Corruptor x2  
  199  13:57  Drone  
  199  14:01  Baneling x3  
  200  14:10  Zerg Flyer Weapons Level 1  
  200  14:15  Hatchery  
  191  14:38  Hatchery  
  191  14:43  Brood Lord  
  191  14:44  Brood Lord x4  
  199  14:58  Hatchery  
  199  14:59  Spore Crawler x2  
  195  15:00  Spore Crawler  
  194  15:08  Zerg Missile Weapons Level 2, Zerg Melee Weapons Level 3  
  194  15:13  Zergling x12  
  200  15:20  Corruptor x3  
  200  15:21  Corruptor  
  197  15:26  Drone x2  
  199  15:45  Overlord  
  195  15:59  Baneling  
  195  16:00  Spine Crawler  
  195  16:01  Spore Crawler  
  195  16:03  Drone x2, Extractor, Spine Crawler  
  193  16:05  Extractor  
  193  16:07  Brood Lord x3  
  198  16:14  Spine Crawler  
  198  16:16  Ultralisk Cavern  
  198  16:18  Spine Crawler  
  195  16:25  Brood Lord x2, Overseer  
  199  16:30  Zerg Flyer Weapons Level 2  
  199  16:33  Spire  
  197  16:47  Hatchery  
  194  16:55  Spore Crawler  
  194  16:56  Spine Crawler x3  
  194  17:00  Infestor  
  167  17:35  Zergling x2  
  167  17:36  Zergling x24  
  172  17:41  Infestor x3  
  159  17:59  Baneling x7  
  159  18:04  Corruptor x6  
  171  18:10  Hatchery  
  170  18:19  Viper x2  
  176  18:20  Infestor x2  
  176  18:22  Drone x3  
  171  18:32  Corruptor x9  
  173  18:36  Brood Lord x5  
  173  18:37  Brood Lord  
  173  18:41  Spore Crawler x3  
  183  18:42  Drone  
  183  18:43  Drone x10  
  183  18:46  Spore Crawler  
  183  18:47  Spore Crawler  
  191  18:49  Spore Crawler, Overseer, Drone  
  187  19:06  Hatchery  
  181  19:14  Brood Lord x8  
  197  19:18  Brood Lord  
  197  19:21  Zergling x4  
  196  19:46  Drone  
  196  19:49  Spore Crawler  
  196  19:50  Spore Crawler x2, Zergling x4, Overlord x2  
  196  19:53  Baneling  
  196  19:54  Baneling x3  
  196  20:06  Spore Crawler, Drone  
  196  20:07  Spore Crawler, Overlord  
  196  20:08  Spore Crawler  
  196  20:09  Overlord  
  196  20:10  Overseer x2  
  196  20:12  Overseer  
  194  20:23  Spore Crawler  
  194  20:26  Extractor  
  194  20:27  Corruptor, Extractor  
  194  20:28  Corruptor x3  
  197  20:31  Baneling x5  
  197  20:33  Spore Crawler  
  197  20:34  Spore Crawler, Spine Crawler  
  196  20:40  Zerg Flyer Weapons Level 3, Zerg Flyer Armor Level 1  
  194  20:48  Overseer x3  
  178  20:58  Ultralisk x2  
  178  20:59  Infestor x3  
  178  21:00  Infestor x2  
  173  21:17  Ultralisk  
  173  21:18  Zergling x4  
  184  21:28  Viper  
  170  21:56  Viper x2  
  170  22:00  Infestor x4  
  174  22:07  Infestor  
  166  22:11  Zergling x6  
  166  22:12  Zergling x14  
  175  22:20  Chitinous Plating  
  175  22:21  Extractor  
  174  22:23  Hatchery  
  174  22:27  Extractor  
  166  22:41  Overseer x2  
  156  22:44  Baneling x9  
  152  23:04  Zergling x2  
  152  23:05  Zergling x10  
  158  23:07  Baneling  
  158  23:08  Baneling x5  
  158  23:14  Brood Lord x2  
  158  23:15  Spore Crawler  
  158  23:16  Spore Crawler  
  160  23:34  Zergling x8  
  160  23:35  Baneling x4  
  164  23:41  Overseer x2  
  164  23:43  Zergling x2  
  162  24:09  Baneling  
  153  24:10  Baneling x10  
Tags
 
Add a new tag
Caveats
  • Supply blocks, unpowered buildings, or Contaminate may cause inaccurate times.
  • Supply counts are checked every 10 seconds.